 Dungeon Crawl Stone Soup version 0.19.4-9-g45fd643 (webtiles) character file.

47876 Ponchio the Eclecticist (level 14, 0/61 HPs)
             Began as a Deep Elf Conjurer on Feb 18, 2017.
             Was a High Priest of Vehumet.
             Slain by an elephant (2 damage)
             ... on level 6 of the Lair of Beasts on Feb 20, 2017.
             The game lasted 03:13:34 (21934 turns).

Ponchio the Eclecticist (Deep Elf Conjurer)        Turns: 21934, Time: 03:13:35

Health: 0/61       AC:  9    Str:  7    XL:     14   Next: 10%
Magic:  25/35      EV:  2    Int: 26    God:    Vehumet [*****.]
Gold:   730        SH:  0    Dex: 15    Spells: 6 memorised, 17 levels left

rFire  + . .     SeeInvis .     H - staff of energy
rCold  + . .     Gourm    .     x - +1 robe {rC+}
rNeg   + + +     Faith    .     (no shield)
rPois  ∞         Spirit   .     s - +0 helmet
rElec  .         Reflect  .     A - +0 cloak
rCorr  .         Harm     .     I - +0 pair of gloves
MR     +....                    z - +0 pair of boots
Stlth  +++++.....               (no amulet)
                                M - ring of stealth
                                r - ring of protection from fire

@: petrified
A: molten scales 1, frail 1, strong 1
a: Renounce Religion


You were on level 6 of the Lair of Beasts.
You worshipped Vehumet.
Vehumet was extremely pleased with you.
You were not hungry.

You visited 2 branches of the dungeon, and saw 15 of its levels.
You also visited: Sewer and Ossuary.

You collected 730 gold pieces.

Inventory:

Hand Weapons
 i - a +2 dagger of venom
 J - a +2 vampiric whip
Armour
 s - a +0 helmet (worn)
 x - a +1 robe of cold resistance (worn)
 z - a +0 pair of boots (worn)
 A - a +0 cloak (worn)
 I - a +0 pair of gloves (worn)
Magical Staves
 H - an uncursed staff of energy (weapon)
Jewellery
 r - a ring of protection from fire (left hand)
 B - an uncursed ring of flight
 M - a ring of stealth (right hand)
Wands
 K - a wand of slowing (21/48)
 L - a wand of polymorph (11/24)
Scrolls
 a - 2 scrolls of recharging
 d - 4 scrolls of fog
 f - 6 scrolls of remove curse
 l - 2 scrolls of magic mapping
 t - 4 scrolls of teleportation
 O - a scroll of identify
 Q - a scroll of enchant weapon
Potions
 g - a potion of cancellation
 h - a potion of flight
 j - a potion of heal wounds
 n - 5 potions of curing
 o - 4 potions of might
 u - 2 potions of haste
 v - 2 potions of agility
 w - 5 potions of invisibility
 C - 2 potions of magic
 D - a potion of ambrosia
 E - a potion of lignification
 F - 2 potions of resistance
 N - a potion of cure mutation
Books
 b - a book of Conjurations

   Spells                             Type                      Level
   a - Magic Dart                     Conjuration                  1
   b - Searing Ray                    Conjuration                  2
   c - Dazzling Spray                 Conjuration/Hexes            3
   d - Fulminant Prism                Conjuration/Hexes            4
   e - Iskenderun's Mystic Blast      Conjuration                  4
   f - Iskenderun's Battlesphere      Conjuration/Charms           5
 m - a book of Cantrips

   Spells                             Type                      Level
   a - Confusing Touch                Hexes                        1
   b - Animate Skeleton               Necromancy                   1
   c - Summon Small Mammal            Summoning                    1
   d - Apportation                    Translocation                1
 y - a book of Power

   Spells                             Type                      Level
   a - Fulminant Prism                Conjuration/Hexes            4
   b - Iskenderun's Mystic Blast      Conjuration                  4
   c - Venom Bolt                     Conjuration/Poison           5
   d - Bolt of Magma                  Conjuration/Fire/Earth       5
   e - Iron Shot                      Conjuration/Earth            6
   f - Orb of Destruction             Conjuration                  7
   g - Spellforged Servitor           Conjuration/Summoning        7
Miscellaneous
 e - a phial of floods
 p - a phantom mirror
Comestibles
 c - 5 bread rations
 k - 6 meat rations
 q - a fruit
 G - 5 beef jerkies
 P - a chunk of flesh


   Skills:
 + Level 10.6 Dodging
 - Level 7.5 Stealth
 - Level 15.9 Spellcasting
 + Level 13.1 Conjurations
 - Level 4.8 Hexes
 - Level 13.0 Charms
 - Level 4.2 Air Magic
 + Level 11.0 Earth Magic


You had 17 spell levels left.
You knew the following spells:

 Your Spells              Type           Power        Failure   Level  Hunger
a - Magic Dart            Conj           ####         0%          1    None
b - Dazzling Spray        Conj/Hex       ######       1%          3    None
c - Iskenderun's Battles  Conj/Chrm      ######..     1%          5    None
d - Lightning Bolt        Conj/Air       ######....   1%          5    None
e - Orb of Destruction    Conj           ######....   3%          7    None
f - Iron Shot             Conj/Erth      ######....   1%          6    None


Dungeon Overview and Level Annotations

Branches:
Dungeon (9/15)             Temple (0/1) D:5            Lair (6/6) D:9
 Shoals (0/4) Lair:2       Spider (0/4) Lair:4        Slime (0/5) Lair:5
    Orc: D:9-12

Altars:
Ashenzari
Cheibriados
Dithmenos
Elyvilon
Gozag
Kikubaaqudgha
Nemelex Xobeh
Okawaru
Sif Muna
Uskayaw
Vehumet
Xom
Yredelemnul
Zin

Shops:
D:4 %


Innate Abilities, Weirdness & Mutations

You are partially covered in molten scales. (AC +2)
You are frail. (-10% HP)
Your muscles are strong. (Str +2)


Message History

You are shoved backwards!
The elephant tramples you.
You hold your ground!
The elephant trunk-slaps you.
The elephant tramples you but does no damage.
The elephant trunk-slaps you.
* * * LOW HITPOINT WARNING * * *
The elephant tramples you!
* * * LOW HITPOINT WARNING * * *
You hold your ground!
The elephant trunk-slaps you. The elephant tramples you.
* * * LOW HITPOINT WARNING * * *
You hold your ground!
The elephant trunk-slaps you but does no damage.
The elephant barely misses you.
The elephant trunk-slaps you but does no damage.
The elephant tramples you.
* * * LOW HITPOINT WARNING * * *
You hold your ground!
The elephant trunk-slaps you but does no damage.
The elephant tramples you.
You hold your ground!
The elephant trunk-slaps you.
You die...

#..P###.####...#
#..##..##.#.P..##
#...............##
##.............Pt#..
##.....<............
.
#.......†...........
..
##...P####..........
... #...###
##YY....... ...
#.... #.@Y.......
...
#....#....##.....(..
... #.#.......P
......... ...
##...#.... .........
... ##... .........
... ##. ....... ..?
.# ....... ...
....... ..♣ ♣


You could see 3 elephants and a crocodile (wandering).

Vanquished Creatures
  Rupert (Lair:5)
  Erolcha (D:9)
  6 hydras
  3 catoblepae
  Erica (D:9)
  11 death yaks
  The ghost of Camlann the Carver, a novice MiGl (D:6)
  An oklob plant (Lair:5)
  A wolf spider (Lair:4)
  13 elephants
  The ghost of letownia the Magician, a novice OpWz of Gozag (D:5)
  3 black mambas
  Psyche (D:8)
  4 torpor snails
  Maurice (D:8)
  5 spiny frogs
  2 rime drakes
  8 komodo dragons
  A jumping spider (Lair:4)
  3 hippogriffs
  A slime creature (Lair:5)
  9 dream sheep
  A snapping turtle (Lair:2)
  15 blink frogs
  A redback (Lair:4)
  16 yaks
  Grum (D:8)
  Edmund (D:4)
  11 water moccasins
  13 porcupines
  A black bear (D:7)
  5 orc warriors
  An ice beast (D:7)
  3 sky beasts
  5 necrophages
  4 ogres
  3 phantoms
  22 wolves
  5 centaurs
  15 crocodiles
  2 big kobolds
  13 bullfrogs
  A scorpion (D:7)
  4 killer bees (D:9)
  An electric eel (Lair:3)
  4 howler monkeys
  A quasit (Sewer)
  2 crimson imps
  9 hounds
  4 jellies
  13 orc wizards
  2 orc priests
  A centaur skeleton (D:7)
  A bullfrog skeleton (D:4)
  Terence (D:1)
  6 iguanas
  Natasha (thrice) (D:4)
  6 hell rats (Lair:4)
  3 worker ants
  4 big kobold zombies
  4 gnolls (D:7)
  A river rat (D:9)
  9 adders
  2 shadow imps
  An ufetubus (Sewer)
  2 oozes (Sewer)
  2 adder zombies (Ossuary)
  2 adder skeletons (D:7)
  A worm (D:6)
  8 leopard geckos
  29 orcs
  12 bats
  6 giant cockroaches
  16 goblins
  7 hobgoblins
  2 jackals (D:1)
  33 kobolds
  5 quokkas
  A ball python (D:1)
  2 frilled lizards
  2 giant cockroach zombies
  3 hobgoblin zombies (Ossuary)
  A jackal skeleton (D:5)
  A kobold zombie (Ossuary)
  A leopard gecko skeleton (D:5)
  4 orc zombies (Ossuary)
  2 quokka skeletons (D:4)
  A quokka zombie (D:5)
  16 rats
  A spectral orc (D:9)
  A fungus (Lair:5)
460 creatures vanquished.

Vanquished Creatures (others)
  A big kobold zombie (Ossuary)
  21 fungi
  15 plants
37 creatures vanquished.

Grand Total: 497 creatures vanquished

Notes
Turn   | Place    | Note
-------+----------+-------------------------------------------
     0 | D:1      | Ponchio the Deep Elf Conjurer began the quest for the Orb.
     0 | D:1      | Reached XP level 1. HP: 10/10 MP: 6/6
   248 | D:1      | Reached XP level 2. HP: 15/15 MP: 4/8
   637 | D:2      | Noticed Terence
   705 | D:1      | Killed Terence
   705 | D:1      | Reached skill level 4 in Spellcasting
   705 | D:1      | Reached skill level 5 in Conjurations
   705 | D:1      | Reached XP level 3. HP: 13/19 MP: 8/10
   714 | D:1      | Learned a level 3 spell: Dazzling Spray
  1068 | D:2      | Found a faded altar of an unknown god.
  1068 | D:2      | Found a shadowy altar of Dithmenos.
  1073 | D:2      | Found a faded altar of an unknown god.
  1075 | D:2      | Found a faded altar of an unknown god.
  1076 | D:2      | Found a faded altar of an unknown god.
  1270 | D:3      | Found a glowing drain.
  1274 | D:3      | Reached XP level 4. HP: 23/24 MP: 2/12
  1284 | Sewer    | Entered a sewer
  1377 | Sewer    | Reached skill level 5 in Spellcasting
  1677 | Sewer    | Found a burning altar of Makhleb.
  1677 | Sewer    | Noticed a big kobold
  1688 | Sewer    | Killed a big kobold
  1688 | Sewer    | Reached XP level 5. HP: 25/28 MP: 1/15
  1803 | Sewer    | Reached skill level 6 in Spellcasting
  2067 | Sewer    | Gained mutation: Your muscles are strong. (Str +2) [potion of mutation]
  2067 | Sewer    | Gained mutation: You are frail. (-10% HP) [potion of mutation]
  2067 | Sewer    | Gained mutation: You are partially covered in molten scales. (AC +2) [potion of mutation]
  2188 | Sewer    | Noticed Grinder
  2202 | Sewer    | HP: 1/25 [Grinder (6)]
  2379 | D:3      | Learned a level 5 spell: Iskenderun's Battlesphere
  2696 | D:3      | Found a deep blue altar of Sif Muna.
  2704 | D:3      | Found a radiant altar of Vehumet.
  2704 | D:3      | Found a shattered altar of Ashenzari.
  2704 | D:3      | Found a shimmering altar of Xom.
  2709 | D:3      | Became a worshipper of Vehumet
  2721 | D:3      | Found an ancient bone altar of Kikubaaqudgha.
  2721 | D:3      | Found a glowing silver altar of Zin.
  2860 | D:3      | Found an opulent altar of Gozag.
  2974 | D:3      | Reached XP level 6. HP: 28/28 MP: 10/17
  3097 | D:4      | Found a sand-covered staircase.
  3103 | D:4      | Reached skill level 1 in Hexes
  3103 | D:4      | Reached skill level 1 in Charms
  3117 | Ossuary  | Entered an ossuary
  3847 | D:4      | Noticed Edmund
  3864 | D:4      | Killed Edmund
  3864 | D:4      | Reached skill level 7 in Spellcasting
  3864 | D:4      | Reached XP level 7. HP: 25/32 MP: 9/19
  3951 | D:4      | Found Xeaclaz's Food Boutique.
  4276 | D:4      | Noticed Natasha
  4278 | D:4      | Killed Natasha
  4317 | D:4      | Found an iron altar of Okawaru.
  4344 | D:4      | Reached skill level 8 in Spellcasting
  4677 | D:4      | Noticed Natasha
  4682 | D:4      | Killed Natasha
  4682 | D:4      | Reached * piety under Vehumet
  4682 | D:4      | Offered knowledge of Flame Tongue by Vehumet.
  4682 | D:4      | Reached skill level 5 in Charms
  4842 | D:4      | Noticed Natasha
  4854 | D:4      | Killed Natasha
  4985 | D:5      | Entered Level 5 of the Dungeon
  5190 | D:5      | Found a staircase to the Ecumenical Temple.
  5305 | D:5      | Found a sparkling altar of Nemelex Xobeh.
  5308 | D:5      | Found an opulent altar of Gozag.
  5688 | D:5      | Reached skill level 9 in Spellcasting
  5858 | D:5      | Noticed letownia's ghost (novice OpWz)
  5869 | D:5      | Killed letownia's ghost
  5869 | D:5      | Reached XP level 8. HP: 20/36 MP: 0/23
  6350 | D:6      | Reached skill level 10 in Spellcasting
  6686 | D:6      | Noticed Camlann's ghost (novice MiGl)
  7480 | D:6      | Reached XP level 9. HP: 40/40 MP: 17/25
  7563 | D:6      | Reached ** piety under Vehumet
  7563 | D:6      | Offered knowledge of Freeze by Vehumet.
  8108 | D:6      | Found a hide-covered altar of Uskayaw.
  8184 | D:6      | Killed Camlann's ghost
  8478 | D:7      | Found a white marble altar of Elyvilon.
  8708 | D:7      | Offered knowledge of Throw Flame by Vehumet.
  8708 | D:7      | Reached skill level 5 in Dodging
  8889 | D:7      | Got a bound bone ring
  8891 | D:7      | Identified the ring "Nyik" {rC+ Str+5 Slay-5} (You found it on level 7 of the Dungeon)
  9058 | D:7      | Reached *** piety under Vehumet
  9278 | D:7      | Offered knowledge of Conjure Flame by Vehumet.
  9278 | D:7      | Reached skill level 11 in Spellcasting
  9542 | D:7      | Reached XP level 10. HP: 45/45 MP: 5/27
  9770 | D:7      | Reached **** piety under Vehumet
 10074 | D:8      | Noticed Psyche
 10078 | D:8      | Killed Psyche
 10078 | D:8      | Offered knowledge of Lightning Bolt by Vehumet.
 10086 | D:8      | Learned a level 5 spell: Lightning Bolt
 10164 | D:8      | Found a snail-covered altar of Cheibriados.
 10230 | D:8      | Noticed Grum
 10238 | D:8      | Killed Grum
 10345 | D:8      | Noticed Maurice
 10351 | D:8      | Killed Maurice
 10809 | D:9      | Reached skill level 12 in Spellcasting
 11009 | D:9      | Found a basalt altar of Yredelemnul.
 11083 | D:9      | Reached skill level 10 in Charms
 11382 | D:9      | Noticed Erolcha
 11389 | D:9      | Killed Erolcha
 11389 | D:9      | Reached skill level 10 in Conjurations
 11481 | D:9      | Found a staircase to the Lair.
 11510 | D:9      | Noticed Erica
 11513 | D:9      | Killed Erica
 11751 | Lair:1   | Entered Level 1 of the Lair of Beasts
 11756 | Lair:1   | Reached XP level 11. HP: 48/48 MP: 19/29
 11930 | Lair:1   | Reached ***** piety under Vehumet
 11976 | Lair:1   | Offered knowledge of Lee's Rapid Deconstruction by Vehumet.
 11976 | Lair:1   | Reached skill level 13 in Spellcasting
 13542 | Lair:2   | Found a staircase to the Shoals.
 13952 | Lair:3   | Noticed a catoblepas
 13957 | Lair:3   | Killed a catoblepas
 13957 | Lair:3   | Reached skill level 10 in Dodging
 13995 | Lair:3   | Reached XP level 12. HP: 50/53 MP: 10/31
 14342 | Lair:3   | Reached skill level 1 in Air Magic
 15452 | Lair:4   | Reached skill level 14 in Spellcasting
 15839 | Lair:4   | Learned a level 7 spell: Orb of Destruction
 15846 | Lair:4   | Learned a level 6 spell: Iron Shot
 15952 | Lair:4   | Reached skill level 1 in Earth Magic
 16501 | Lair:4   | Found a hole to the Spider Nest.
 16851 | Lair:5   | Reached skill level 5 in Earth Magic
 16938 | Lair:5   | Found a snail-covered altar of Cheibriados.
 17026 | Lair:5   | Noticed a five-headed hydra
 17030 | Lair:5   | Killed a five-headed hydra
 17038 | Lair:5   | Noticed a death yak
 17038 | Lair:5   | Noticed a death yak
 17038 | Lair:5   | Noticed a death yak
 17038 | Lair:5   | Noticed a death yak
 17038 | Lair:5   | Noticed a death yak
 17043 | Lair:5   | Noticed Rupert
 17046 | Lair:5   | Found a staircase to the Slime Pits.
 17151 | Lair:5   | Noticed an eight-headed hydra
 17437 | Lair:5   | Noticed an eight-headed hydra
 17543 | Lair:5   | Killed an eight-headed hydra
 17804 | Lair:5   | Noticed a death yak
 17823 | Lair:4   | Killed a death yak
 18020 | Lair:5   | Killed an eight-headed hydra
 18023 | Lair:5   | Reached XP level 13. HP: 56/56 MP: 8/33
 18502 | Lair:5   | Killed Rupert
 19776 | Lair:5   | Reached skill level 15 in Spellcasting
 20598 | Lair:5   | Reached skill level 10 in Earth Magic
 20996 | Lair:6   | Entered Level 6 of the Lair of Beasts
 21030 | Lair:6   | Offered knowledge of Bolt of Cold by Vehumet.
 21498 | Lair:6   | Reached XP level 14. HP: 61/61 MP: 25/35
 21933 | Lair:6   | HP: 2/61 [elephant (3)]
 21934 | Lair:6   | Slain by an elephant

Skill      XL: |  1  2  3  4  5  6  7  8  9 10 11 12 13 14 |
---------------+-------------------------------------------+-----
Spellcasting   | 4 5 6 7 9 10 11 12 13 14 15 | 15.9
Conjurations   | 5 6 7 9 10 12 13 | 13.1
Hexes          | 2 4 |  4.8
Charms         | 3 7 8 10 12 13 | 13.0
Dodging        | 6 8 10 | 10.6
Air Magic      | 4 |  4.2
Earth Magic    | 8 10 11 | 11.0
Stealth        | 7 |  7.5

Action                   |  1- 3 |  4- 6 |  7- 9 | 10-12 | 13-15 || total
-------------------------+-------+-------+-------+-------+-------++-------
Melee: Dagger            |     9 |    73 |    34 |       |       ||   116
       Whip              |       |       |    14 |    11 |       ||    25
       Staff             |       |       |       |       |     2 ||     2
 Cast: Magic Dart        |    52 |   107 |   206 |   309 |    68 ||   742
       Dazzling Spray    |     2 |    22 |    90 |    94 |    29 ||   237
       Iskenderun's Batt |       |       |    22 |    86 |    34 ||   142
       Lightning Bolt    |       |       |       |    19 |       ||    19
       Iron Shot         |       |       |       |    20 |    67 ||    87
       Orb of Destructio |       |       |       |       |     1 ||     1
Evoke: Wand              |       |     1 |       |       |       ||     1
  Use: Potion            |     1 |     5 |     4 |     5 |     1 ||    16
       Scroll            |     6 |     5 |     9 |     7 |     4 ||    31
 Stab: Invisible         |       |     2 |     1 |     1 |       ||     4
       Sleeping          |       |       |     3 |     1 |       ||     4
  Eat: Chunk             |       |     5 |    17 |    30 |     8 ||    60
       Pizza             |       |     2 |     1 |     2 |       ||     5
       Fruit             |       |     1 |     4 |       |     5 ||    10
       Beef jerky        |       |       |     2 |       |       ||     2
       Royal jelly       |       |       |       |     1 |       ||     1
Armor: Robe              |     1 |    25 |    22 |    11 |    17 ||    76
Dodge: Dodged            |     8 |    74 |    76 |   138 |    33 ||   329
